 Dungeon Crawl Stone Soup version 0.27-a0-1319-geec4fb4e21 (webtiles) character file.

Game seed: 2045208814634950828

1962 Fanghorn the Poker (level 9, -4/66 HPs)
             Began as a Mummy Necromancer on June 21, 2021.
             Was a Priest of Trog.
             Slain by an orc warrior (15 damage)
             ... on level 7 of the Dungeon.
             The game lasted 00:36:18 (7322 turns).

Fanghorn the Poker (Mummy Necromancer)              Turns: 7322, Time: 00:36:19

Health: -4/66      AC:  9    Str: 13    XL:     9   Next: 0%
Magic:  14/14      EV: 11    Int: 19    God:    Trog [***...]
Gold:   242        SH:  0    Dex: 13    Spells: 14/15 levels left

rFire    . . .     SeeInvis .   g - +7 halberd of Moral Flaws {vorpal, Drain +Blink rElec Int+4}
rCold    + . .     Faith    .   (shield currently unavailable)
rNeg     + + +     Spirit   .   d - +0 ring mail {rF+}
rPois    ∞         Reflect  .   (no helmet)
rElec    +         Harm     .   e - +1 cloak
rCorr    .         Rampage  .   b - +0 pair of gloves
Will     +++..                  (no boots)
Stlth    ++........             (no amulet)
HPRegen  1.21/turn              (no ring)
MPRegen  0.14/turn              (no ring)

@: strong-willed (expiring), regenerating (expiring)
A: cold resistance 1, negative energy resistance 3, torment resistance 2, heat
vulnerability 1, no potions
a: Renounce Religion, Evoke Blink, Trog's Hand


You were on level 7 of the Dungeon.
You worshipped Trog.
Trog was most pleased with you.
You visited 2 branches of the dungeon, and saw 8 of its levels.

You collected 242 gold pieces.

Inventory:

Hand Weapons
 c - a +0 mace
 g - the +7 halberd of Moral Flaws (weapon) {vorpal, Drain +Blink rElec Int+4}
   (You acquired it on level 2 of the Dungeon)

   It inflicts extra damage upon your enemies.
   It affects your intelligence (+4).
   It insulates you from electricity.
   It lets you blink.
   It drains your maximum health when unequipped.
 w - a +2 flail of protection
Missiles
 k - 39 poisoned darts (quivered)
 t - a throwing net
Armour
 a - a +0 robe
 b - a +0 pair of gloves (worn)
 d - a +0 ring mail of fire resistance (worn)
 e - a +1 cloak (worn)
 l - a +0 leather armour
 u - a +1 ring mail of cold resistance
Magical Staves
 j - a staff of cold
 p - a staff of poison
Jewellery
 h - an amulet of the acrobat
 q - a +4 ring of evasion
Wands
 s - a wand of digging (7)
 z - a wand of flame (20)
Scrolls
 f - a scroll of silence
 i - 2 scrolls of identify
 m - 2 scrolls of fear
 n - a scroll of summoning
 o - 2 scrolls of magic mapping
 r - 2 scrolls of enchant weapon
 v - a scroll of vulnerability
 x - 3 scrolls of amnesia {unknown}
 y - a scroll of blinking {unknown}


   Skills:
 + Level 4.3 Fighting
 + Level 6.3(6.4) Polearms
 + Level 1.2(4.1) Staves
 + Level 2.0 Throwing
 + Level 3.2 Armour
 + Level 2.8 Dodging
 + Level 3.0 Stealth
 - Level 3.7 Spellcasting
 - Level 4.4 Necromancy
 + Level 0.4 Evocations


You had 14 spell levels left.
You knew the following spells:

 Your Spells              Type           Power      Damage    Failure   Level
a - Pain                  Necr           80%        1d8       4%          1

Your spell library contained the following spells:

 Spells                   Type           Power      Damage    Failure   Level
 Animate Skeleton         Necr           40%        N/A       4%          1
 Vampiric Draining        Necr           10%        2d7       14%         3
 Magic Dart               Conj           12%        1d3       28%         1
 Blink                    Tloc           N/A        N/A       41%         2
 Call Imp                 Summ           3%         N/A       41%         2
 Slow                     Hex            3%         N/A       41%         2
 Animate Dead             Necr           10%        N/A       43%         4
 Conjure Flame            Conj/Fire      3%         6-21      65%         3
 Mephitic Cloud           Conj/Pois/Air  3%         N/A       65%         3
 Agony                    Necr           20%        N/A       78%         5


Dungeon Overview and Level Annotations

Branches:
Dungeon (7/15)             Temple (1/1) D:7

Altars:
Ashenzari
Cheibriados
Elyvilon
Fedhas
Gozag
Hepliaklqana
Kikubaaqudgha
Makhleb
Nemelex Xobeh
Okawaru
Qazlal
Ru
Sif Muna
Trog
Uskayaw
Vehumet
Wu Jian
Xom
The Shining One
Beogh

Annotations:
D:7 Shym's ghost, novice DDNe


Innate Abilities, Weirdness & Mutations

You are immune to poison.
Your flesh is cold resistant. (rC+)
You are immune to negative energy. (rN+++)
You are immune to unholy pain and torment.
You are vulnerable to heat. (rF-)
You do not drink.


Message History

You start resting.
You feel the effects of Trog's Hand fading.
You start resting.
Your skin stops crawling.
You feel less strong-willed.
You climb downwards.
Level annotation: Shym's ghost, novice DDNe
There is a stone staircase leading up here.
The orc warrior shouts!
Your skin crawls.
You feel strong-willed.
You hit the orc warrior but do no damage.
The orc warrior hits you with a +0 battleaxe!
You barely miss the orc warrior. The orc warrior barely misses you.
You puncture the orc warrior!
The orc warrior is moderately wounded.
The orc warrior closely misses you. The orc warrior barely misses you.
You closely miss the orc warrior.
The orc warrior is moderately wounded.
The orc warrior closely misses you.
You puncture the orc warrior!
The orc warrior is severely wounded.
The orc warrior hits you with a +0 battleaxe!
The warg pauses to sniff the ground.
You barely miss the orc warrior.
The orc warrior is severely wounded.
You feel the effects of Trog's Hand fading.
The orc warrior hits you with a +0 battleaxe!
You hit the orc warrior.
The orc warrior is almost dead.
The warg stops to sniff the ground.
The orc warrior hits you with a +0 battleaxe!!
* * * LOW HITPOINT WARNING * * *
You barely miss the orc warrior.
The orc warrior is almost dead.
The orc warrior hits you with a +0 battleaxe.
* * * LOW HITPOINT WARNING * * *
You completely miss the orc warrior.
The orc warrior is almost dead.
The orc warrior hits you with a +0 battleaxe!
You die...

.........# #.# #.#....#
.#####...### #.# #######.####.#
...........#####<###.........##.#
.#................o.h....#.#.....
.................#######.#.#####.
##..........####.# #.#.# #.
#..###.......# #h# #o#.# #. #.##
#...#...# #o# ###W#.# #. #.#
#...###.# #@# ###.....#####. #.#
##### #.# #.# #..........##. #.#
#.# #.# #.#W#>#.##.##. #.# #.#
#.# #.#h#.#....##. #.#### #.# #.#
#.#.#......... #....## #.###.#
#.#h######[### ......######.#..<#
#.#.# ##.# #............#.###
#.#.# #..# #............#.#
#.#.#####..###


You could see a warg and an orc warrior.

Vanquished Creatures
  A wyvern (D:7)
  An ice beast (D:6)
  4 ogres
  2 phantoms
  2 bullfrogs
  3 scorpions
  A water moccasin zombie (D:6)
  A water moccasin skeleton (D:4)
  6 killer bees (D:7)
  2 howler monkeys
  A jelly (D:7)
  2 hounds (D:6)
  An orc priest (D:7)
  2 bullfrog zombies
  2 iguanas (D:4)
  An orc wizard (D:7)
  A howler monkey zombie (D:7)
  4 gnolls (D:4)
  A howler monkey skeleton (D:7)
  9 adders
  A white imp (D:6)
  An ufetubus (D:7)
  A worm (D:6)
  2 dart slugs
  16 orcs
  6 bats
  6 endoplasms
  4 giant cockroaches
  2 hobgoblins
  7 kobolds
  3 quokkas
  7 ball pythons
  2 frilled lizards (D:2)
  5 goblins
  6 rats
116 creatures vanquished.

Notes
Turn   | Place    | Note
-------+----------+-------------------------------------------
     0 | D:1      | Fanghorn the Mummy Necromancer began the quest for the Orb.
     0 | D:1      | Reached XP level 1. HP: 13/13 MP: 4/4
   567 | D:1      | Reached XP level 2. HP: 9/19 MP: 4/6
  1352 | D:2      | Reached XP level 3. HP: 23/24 MP: 1/8
  1437 | D:2      | Found a faded altar of an unknown god.
  1440 | D:2      | Became a worshipper of Trog the Wrathful
  1440 | D:2      | Reached * piety under Trog
  1596 | D:2      | Identified a scroll of acquirement
  1597 | D:2      | Acquired the +7 halberd of Moral Flaws {vorpal, Drain
                  | +Blink rElec Int+4}
  1650 | D:2      | You fall into a shaft and drop 1 floor!
  1651 | D:3      | Noticed a bullfrog
  1660 | D:3      | Killed a bullfrog
  1661 | D:3      | Reached skill level 1 in Staves
  1661 | D:3      | Reached XP level 4. HP: 20/31 MP: 9/9
  1952 | D:3      | Reached skill level 1 in Fighting
  1952 | D:3      | Reached skill level 1 in Polearms
  2009 | D:3      | Noticed a phantom
  2023 | D:3      | Killed a phantom
  2024 | D:3      | Reached XP level 5. HP: 24/38 MP: 10/10
  2532 | D:3      | Reached skill level 2 in Polearms
  2724 | D:4      | Found a stormy altar of Qazlal.
  2748 | D:4      | Reached XP level 6. HP: 44/44 MP: 11/11
  2857 | D:4      | Reached ** piety under Trog
  3213 | D:4      | Reached skill level 1 in Armour
  3218 | D:4      | Reached skill level 3 in Polearms
  3648 | D:4      | Reached XP level 7. HP: 18/51 MP: 12/12
  4124 | D:5      | Entered Level 5 of the Dungeon
  4128 | D:5      | Noticed a steam dragon
  4572 | D:6      | Reached skill level 4 in Polearms
  5165 | D:6      | Found an opulent altar of Gozag.
  5165 | D:6      | Found a sparkling altar of Nemelex Xobeh.
  5256 | D:6      | Reached XP level 8. HP: 58/58 MP: 13/13
  5395 | D:6      | Reached *** piety under Trog
  5509 | D:6      | Reached skill level 5 in Polearms
  5850 | D:7      | Reached skill level 1 in Throwing
  5880 | D:7      | HP: 2/60 [killer bee (4)]
  5885 | D:7      | HP: 2/60 [killer bee (4)]
  6158 | D:7      | Found a staircase to the Ecumenical Temple.
  6162 | D:7      | Reached skill level 6 in Polearms
  6172 | Temple   | Entered the Ecumenical Temple
  6380 | D:7      | Found a runed translucent gate.
  6382 | D:7      | Found a runed translucent gate.
  6382 | D:7      | Found a runed translucent gate.
  6383 | D:7      | Noticed Shym's ghost (novice DDNe)
  6662 | D:7      | Reached XP level 9. HP: 66/66 MP: 14/14
  7322 | D:7      | Slain by an orc warrior

Illustrated notes

Levels and vault maps discovered:
D:1:      amcnicky_arrival_feature_with_door, layout_loops_cross
D:2:      layout_loops_ring, hellmonk_ecumenical_altar_inner_sanctum,
          minmay_tetromino_s4
D:3:      layout_loops_ring, minmay_misc_feat_ornament
D:4:      layout_basic, general_overflow_altar
D:5:      layout_layer_cave
D:6:      layout_gridville, grunt_temple_overflow_opulence,
          gup_sewer_entry_bubbles
D:7:      layout_loops_ring, minmay_temple_entry_mist,
          biasface_ghost_orc_armoury
Temple:   eino_temple_scatter_basement

Skill      XL: |  1  2  3  4  5  6  7  8 |
---------------+-------------------------+-----
Spellcasting   | 3 |  3.7
Staves         | 1 |  1.2
Stealth        | 2 3 |  3.0
Fighting       | 1 2 3 4 |  4.3
Polearms       | 1 2 3 4 6 |  6.3
Dodging        | 2 |  2.8
Armour         | 1 2 3 |  3.2
Throwing       | 2 |  2.0
Necromancy     | |  4.4
Evocations     | |  0.4

Action                   |  1- 3 |  4- 6 |  7- 9 || total
-------------------------+-------+-------+-------++-------
Melee: Staff             |     9 |       |       ||     9
       Halberd           |     7 |   120 |   165 ||   292
       Mace              |     4 |       |       ||     4
Throw: Dart              |     1 |     2 |    21 ||    24
 Cast: Pain              |    41 |       |       ||    41
Invok: Trog's Hand       |       |       |     5 ||     5
 Abil: Evoke Blink       |       |       |     4 ||     4
  Use: Scroll            |     3 |       |     7 ||    10
 Stab: Sleeping          |     1 |     3 |       ||     4
Armor: Robe              |     8 |     4 |       ||    12
       Ring mail         |       |    41 |    62 ||   103
Dodge: Dodged            |    27 |    74 |    90 ||   191

Table legend: (Time is in decaauts)
 A = Elapsed time spent in this place.
 B = Non-inter-level travel time spent in this place.
 C = Inter-level travel time spent in this place.
 D = Time resting spent in this place.
 E = Time spent auto-exploring this place.
 F = Levels seen in this place.
 G = Mean time per level.
                   A        B        C        D        E       F      G
               +--------+--------+--------+--------+--------+-----+--------+
         Total |   7446 |   7346 |    100 |    416 |   5549 |   8 |  930.8 |
       Dungeon |   7266 |   7166 |    100 |    416 |   5396 |   7 | 1038.0 |
        Temple |    179 |    179 |      0 |      0 |    153 |   1 |  179.0 |
               +--------+--------+--------+--------+--------+-----+--------+

Top non-repeatable levels by time:
     D:6: 1608 daAuts
     D:4: 1430 daAuts
     D:7: 1424 daAuts
     D:3: 1095 daAuts
     D:1: 1022 daAuts
     D:2: 628 daAuts
  Temple: 179 daAuts
     D:5: 55 daAuts
